 Dungeon Crawl Stone Soup version 0.30-a0-313-gae38170b09 (webtiles) character file.

Game seed: 7695738437100830948

143 Devinter the Covered (level 5, -1/48 HPs)
             Began as an Armataur Fighter on Oct 26, 2022.
             Slain by an orc wizard
             ... wielding a +2 dagger of speed
              (4 damage)
             ... on level 2 of the Dungeon.
             The game lasted 00:10:23 (1345 turns).

Devinter the Covered (Armataur Fighter)             Turns: 1345, Time: 00:10:24

Health: -1/48      AC:  8    Str: 22    XL:     5   Next: 4%
Magic:  5/5        EV:  7    Int:  8    God:
Gold:   134        SH:  0    Dex: 11    Spells: 4/4 levels left

rFire   . . .      SeeInvis .    a - +0 long sword
rCold   . . .      Faith    .    c - +0 buckler
rNeg    . . .      Spirit   .    b - +0 scale mail
rPois   .          Reflect  +    q - +0 helmet
rElec   .          Harm     .    (no cloak)
rCorr   .          Roll     +    (no gloves)
Will    .....                    (no barding)
Stlth   ..........               f - amulet of reflection
HPRegen 0.28/turn                (no ring)
MPRegen 0.09/turn                (no ring)

@: confused, hasted, very quick
A: large, rugged brown scales 3, deformed body, armoured tail, roll, long
tongue, awkward tongue
a: no special abilities


You were on level 2 of the Dungeon.
You visited 1 branch of the dungeon, and saw 3 of its levels.

You collected 134 gold pieces.

Inventory:

Hand Weapons
 a - a +0 long sword (weapon)
Armour
 b - a +0 scale mail (worn)
 c - a +0 buckler (worn)
 q - a +0 helmet (worn)
Jewellery
 f - an amulet of reflection (around neck)
Scrolls
 e - 3 scrolls of identify {unknown}
 h - a scroll of immolation {unknown}
 m - 3 scrolls of vulnerability {unknown}
 p - 2 scrolls of noise {unknown}
Potions
 d - 2 potions of might
 g - a potion of cancellation {unknown}
 i - 2 potions of heal wounds {unknown}
 j - a potion of attraction {unknown}
 k - a potion of invisibility {unknown}
 l - a potion of berserk rage {unknown}
 n - a potion of brilliance {unknown}
 o - a potion of haste


   Skills:
 + Level 3.5 Fighting
 + Level 3.5 Long Blades
 - Level 4.0 Armour
 - Level 4.0 Shields


You had 4 spell levels left.
You didn't know any spells.
Your spell library contained the following spells:

 Spells                   Type           Power      Damage    Failure   Level
 Shock                    Conj/Air       0%         1d3       80%         1
 Poisonous Vapours        Pois/Air       0%         N/A       90%         2
 Gell's Gravitas          Tloc           0%         N/A       99%         3
 Portal Projectile        Hex/Tloc       0%         N/A       99%         3
 Teleport Other           Tloc           0%         N/A       99%         3
 Tukima's Dance           Hex            0%         N/A       99%         3
 Summon Ice Beast         Ice/Summ       0%         N/A       100%        4
 Blade Hands              Tmut           0%         N/A       100%        5
 Dispersal                Tloc           0%         N/A       100%        6


Dungeon Overview and Level Annotations

Branches:
Dungeon (3/15)

Altars:

Shops:
D:3 (


Innate Abilities, Weirdness & Mutations

You are completely covered in rugged brown scales. (AC +3, +7% HP)
Armour fits poorly on your strangely shaped body.
You have a long armoured tail.
You roll when moving toward enemies. (Rampage)
Your long tongue fully drains potion bottles. (2x potion effects)
Your tongue gives you trouble enunciating. (1.5x scroll delay)


Message History

The orc hits you but does no damage.
You bump into the rock wall.
Something hits you but does no damage. The orc barely misses you.
Something hits you.
You hit the orc.
Your tail-slap misses the orc.
The orc is moderately wounded.
The orc hits you with a +0 club.
You hear some strange, mumbled words.
A puff of flame appears from out of thin air!
The puff of flame hits you!
* * * LOW HITPOINT WARNING * * *
You bump into the rock wall.
Something hits you but does no damage. The orc hits you with a +0 club.
* * * LOW HITPOINT WARNING * * *
You closely miss the orc.
The orc is moderately wounded.
You feel less confused. Something hits you but does no damage.
The orc hits you but does no damage. Something hits you.
* * * LOW HITPOINT WARNING * * *
You completely miss the orc.
The orc is moderately wounded.
You hear some strange, mumbled words.
A magic dart appears from out of thin air!
The magic dart hits you!
* * * LOW HITPOINT WARNING * * *
The orc hits you with a +0 club.
* * * LOW HITPOINT WARNING * * *
Something hits you but does no damage. You block the orc's attack.
You hear some strange, mumbled words.
You are confused.
The orc hits you but does no damage.
You climb upwards.
Reactivating autopickup.
There is a stone staircase leading down here.
Something hits you.
* * * LOW HITPOINT WARNING * * *
Deactivating autopickup; reactivate with Ctrl-A.
You slurp down every last drop of the 2 ruby potions!
It was a potion of haste.
You feel yourself speed up. Something hits you.
You die...

.....................# ##.##
.#.#÷.#...#..........# ##.##
.#.#..#............).# ##.##
.###..#.#.#..#.....).###.##
.....................##.#####
.####.#.#.#..#..............#
...............>....#...##..#
.####.#.#.##.#.o.#.#.#..##..#
................@...........#
.####.#.#.......).........#.#
.# #.#.#.##.#..........#.#.#
.####...#.##.#....####..#.#.#
........#.##.#....# #..#.#.#
.######......÷....# ##.#.#.#
.# ###.##.#...## #.#.#.# .#
#.##.#...######.#.#.#### .#
#.##...................#


You could see an orc.

Vanquished Creatures
  An orc priest (D:3)
  An orc wizard (D:3)
  Robin (D:2)
  An adder (D:2)
  2 worms (D:2)
  3 dart slugs
  An orc (D:3)
  5 ball pythons
  2 endoplasms
  A giant cockroach (D:2)
  15 goblins
  3 hobgoblins
  6 quokkas
  6 bats
  4 frilled lizards
  2 kobolds (D:2)
  6 rats
60 creatures vanquished.

Notes
Turn   | Place    | Note
-------+----------+-------------------------------------------
     0 | D:1      | Devinter the Armataur Fighter began the quest for the Orb.
     0 | D:1      | Reached XP level 1. HP: 19/19 MP: 1/1
   276 | D:1      | Reached skill level 2 in Long Blades
   276 | D:1      | Reached XP level 2. HP: 26/26 MP: 2/2
   389 | D:1      | Reached skill level 3 in Fighting
   447 | D:1      | Reached skill level 4 in Armour
   614 | D:2      | Reached XP level 3. HP: 33/33 MP: 3/3
   660 | D:2      | Got the Vellum of the Birds and Attendants
   764 | D:2      | Reached skill level 4 in Shields
   933 | D:2      | Noticed Robin
   961 | D:2      | Reached skill level 3 in Long Blades
   962 | D:2      | Killed Robin
   963 | D:2      | Reached XP level 4. HP: 28/40 MP: 4/4
  1320 | D:3      | Found Luitos's Antique Weapon Boutique.
  1331 | D:3      | Reached XP level 5. HP: 31/48 MP: 5/5
  1340 | D:3      | HP: 4/48 [orc/+0 club (1)]
  1345 | D:2      | Slain by an orc wizard

Illustrated notes

Levels and vault maps discovered:
D:1:      nagdon_arrival_double_spiral, layout_basic, minmay_misc_feat_enclosed
D:2:      layout_basic, uniq_robin
D:3:      layout_basic, amcnicky_altar_gilded, cheibrodos_sewer_entry_sluice,
          shapermc_ecumenical_altar_starsandcircs, serial_shops,
          nicolae_diamond_shop, hex_medium

Skill      XL: |  1  2  3 |
---------------+----------+-----
Long Blades    | 2 3 |  3.5
Fighting       | 3 |  3.5
Armour         | 4 |  4.0
Shields        | 4 |  4.0

Action                   |  1- 3 |  4- 6 || total
-------------------------+-------+-------++-------
Melee: Long sword        |   111 |    27 ||   138
       Tailslap          |    12 |     8 ||    20
  Use: Potion            |       |     1 ||     1
Armor: Scale mail        |    43 |    18 ||    61
Dodge: Dodged            |    29 |     9 ||    38
Block: Buckler           |    42 |    12 ||    54
       Reflection        |     1 |       ||     1

Table legend: (Time is in decaauts)
 A = Elapsed time spent in this place.
 B = Non-inter-level travel time spent in this place.
 C = Inter-level travel time spent in this place.
 D = Time resting spent in this place.
 E = Time spent auto-exploring this place.
 F = Levels seen in this place.
 G = Mean time per level.
                   A        B        C        D        E       F      G
               +--------+--------+--------+--------+--------+-----+--------+
         Total |   1386 |   1365 |     21 |     53 |    296 |   3 |  462.0 |
       Dungeon |   1386 |   1365 |     21 |     53 |    296 |   3 |  462.0 |
               +--------+--------+--------+--------+--------+-----+--------+

Top non-repeatable levels by time:
     D:2: 822 daAuts
     D:1: 538 daAuts
     D:3: 25 daAuts
